MLB
ST. LOUIS CARDINALS @ ARIZONA DIAMONDBACKS
03/09/2020
 
TOP OF THE 1ST
St. Louis Cardinals batting - Pitching for Arizona Diamondbacks : RHP Joey Murray
Pitching: RHP Joey Murray
Batting: SHB Ozzie Albies 0-0: Foul Ball, location: 2F
0-1: Ball
1-1: Foul Ball, location: 2F
1-2: Strikes out swinging
Batting: LHB Austin Meadows 0-0: Ball
1-0: Ball
2-0: Ball
3-0: DOUBLE (Line Drive, 89D, EV 111.3 MPH)
Batting: LHB Juan Soto 0-0: Ball
1-0: Foul Ball, location: 2F
1-1: SINGLE (Line Drive, 9S, EV 98.1 MPH)
Austin Meadows to third
Runner from 3rd tries for Home, throw by RF and OUT! 9-2
Batting: RHB Alex Bregman 0-0: Ball
1-0: Foul Ball, location: 2F
1-1: Foul Ball, location: 2F
1-2: Ground out 2-3 (Groundball, 2L, EV 66.9 MPH)
Top of the 1st over - 0 runs, 2 hits, 0 errors, 1 left on base; St. Louis 0 - Arizona 0
BOTTOM OF THE 1ST
Arizona Diamondbacks batting - Pitching for St. Louis Cardinals : RHP Lucas Giolito
Pitching: RHP Lucas Giolito
Batting: LHB Raimel Tapia 0-0: Swinging Strike
0-1: DOUBLE (Flyball, 7LD, EV 94.4 MPH)
Batting: LHB Alex Verdugo 0-0: Fly out, F5 (Popup, 5SF, EV 84.4 MPH)
Batting: RHB Gleyber Torres 0-0: Ball
1-0: Called Strike
1-1: Foul Ball, location: 2F
1-2: Foul Ball, location: 2F
1-2: Foul Ball, location: 2F
1-2: Ball
2-2: Ball
3-2: Strikes out swinging
Batting: RHB Fernando Tatis Jr. 0-0: Ball
1-0: Ball
2-0: Ball
3-0: Base on Balls
Batting: RHB Anthony Rendon 0-0: Ball
1-0: Foul Ball, location: 2F
1-1: Ball
2-1: Swinging Strike
2-2: Strikes out looking
Bottom of the 1st over - 0 runs, 1 hit, 0 errors, 2 left on base; St. Louis 0 - Arizona 0
TOP OF THE 2ND
St. Louis Cardinals batting - Pitching for Arizona Diamondbacks : RHP Joey Murray
Batting: LHB Matt Olson 0-0: Called Strike
0-1: Ball
1-1: Fly out, F8 (Flyball, 8LD, EV 85.0 MPH)
Batting: RHB Harrison Bader 0-0: Called Strike
0-1: Foul Ball, location: 2F
0-2: Fly out, F8 (Flyball, 8LM, EV 85.0 MPH)
Batting: RHB Luis Urias 0-0: Swinging Strike
0-1: Swinging Strike
0-2: Fly out, F7 (Flyball, 7LS, EV 86.3 MPH)
Top of the 2nd over - 0 runs, 0 hits, 0 errors, 0 left on base; St. Louis 0 - Arizona 0
BOTTOM OF THE 2ND
Arizona Diamondbacks batting - Pitching for St. Louis Cardinals : RHP Lucas Giolito
Batting: RHB Christian Walker 0-0: Called Strike
0-1: Fly out, F8 (Flyball, 78D, EV 103.8 MPH)
Batting: SHB Francisco Mejia 0-0: SINGLE (Line Drive, 8RS, EV 95.6 MPH)
Batting: RHB Austin Hays 0-0: Ball
Wild Pitch!
Francisco Mejia to second
1-0: Ball
2-0: Called Strike
2-1: Called Strike
2-2: Strikes out swinging
Batting: RHB Joey Murray 0-0: Called Strike
0-1: Foul Ball, location: 2F
0-2: Strikes out looking
Bottom of the 2nd over - 0 runs, 1 hit, 0 errors, 1 left on base; St. Louis 0 - Arizona 0
TOP OF THE 3RD
St. Louis Cardinals batting - Pitching for Arizona Diamondbacks : RHP Joey Murray
Batting: RHB Yan Gomes 0-0: Ball
1-0: Ground out 2-3 (Groundball, 2L, EV 69.4 MPH)
Batting: RHB Lucas Giolito 0-0: Ball
1-0: Called Strike
1-1: Called Strike
1-2: Ball
2-2: Strikes out swinging
Batting: SHB Ozzie Albies 0-0: Ball
1-0: Swinging Strike
1-1: Fly out, F8 (Flyball, 8RD, EV 95.0 MPH)
Top of the 3rd over - 0 runs, 0 hits, 0 errors, 0 left on base; St. Louis 0 - Arizona 0
BOTTOM OF THE 3RD
Arizona Diamondbacks batting - Pitching for St. Louis Cardinals : RHP Lucas Giolito
Batting: LHB Raimel Tapia 0-0: Fly out, F2 (Popup, 15S, EV 87.5 MPH)
Batting: LHB Alex Verdugo 0-0: Called Strike
0-1: Ball
1-1: Ground out 5-3 (Groundball, 56S, EV 83.8 MPH)
Batting: RHB Gleyber Torres 0-0: Foul Ball, location: 2F
0-1: Swinging Strike
0-2: Strikes out looking
Bottom of the 3rd over - 0 runs, 0 hits, 0 errors, 0 left on base; St. Louis 0 - Arizona 0
TOP OF THE 4TH
St. Louis Cardinals batting - Pitching for Arizona Diamondbacks : RHP Joey Murray
Batting: LHB Austin Meadows 0-0: Swinging Strike
0-1: Ball
1-1: Swinging Strike
1-2: Strikes out swinging
Batting: LHB Juan Soto 0-0: Ball
1-0: Foul Ball, location: 2F
1-1: Fly out, F8 (Flyball, 8LXD, EV 97.5 MPH)
Batting: RHB Alex Bregman 0-0: Called Strike
0-1: Foul Ball, location: 2F
0-2: Foul Ball, location: 2F
0-2: Foul Ball, location: 2F
0-2: Ball
1-2: Ball
2-2: Fly out, F9 (Flyball, 89D, EV 86.3 MPH)
Top of the 4th over - 0 runs, 0 hits, 0 errors, 0 left on base; St. Louis 0 - Arizona 0
BOTTOM OF THE 4TH
Arizona Diamondbacks batting - Pitching for St. Louis Cardinals : RHP Lucas Giolito
Batting: RHB Fernando Tatis Jr. 0-0: Foul Ball, location: 2F
0-1: Ball
1-1: Foul Ball, location: 2F
1-2: Ball
2-2: Ground out 6-3 (Groundball, 56, EV 90.6 MPH)
Batting: RHB Anthony Rendon 0-0: Swinging Strike
0-1: Ball
1-1: Foul Ball, location: 2F
1-2: Fly out, F8 (Flyball, 8LS, EV 95.0 MPH)
Batting: RHB Christian Walker 0-0: Ball
1-0: Called Strike
1-1: Foul Ball, location: 2F
1-2: Ground out 5-3 (Groundball, 56S, EV 80.6 MPH)
Bottom of the 4th over - 0 runs, 0 hits, 0 errors, 0 left on base; St. Louis 0 - Arizona 0
TOP OF THE 5TH
St. Louis Cardinals batting - Pitching for Arizona Diamondbacks : RHP Joey Murray
Pitching: RHP Thomas Hatch
Batting: LHB Matt Olson 0-0: Swinging Strike
0-1: Foul Ball, location: 2F
0-2: Strikes out swinging
Batting: RHB Harrison Bader 0-0: Ball
1-0: Foul Ball, location: 2F
1-1: Swinging Strike
1-2: Ball
2-2: DOUBLE (Line Drive, 9LS, EV 96.9 MPH)
Batting: RHB Luis Urias 0-0: Swinging Strike
0-1: Foul Ball, location: 2F
0-2: Foul Ball, location: 2F
0-2: Ball
1-2: Ball
2-2: Foul Ball, location: 2F
2-2: Ball
3-2: Base on Balls
Batting: RHB Yan Gomes 0-0: Ball
1-0: Swinging Strike
1-1: Ball
2-1: Swinging Strike
2-2: Foul Ball, location: 2F
2-2: Strikes out swinging
Pinch Hitting: RHB Nick Senzel 0-0: Ball
1-0: Foul Ball, location: 2F
1-1: Swinging Strike
1-2: Ball
2-2: Ball
3-2: Strikes out swinging
Top of the 5th over - 0 runs, 1 hit, 0 errors, 2 left on base; St. Louis 0 - Arizona 0
BOTTOM OF THE 5TH
Arizona Diamondbacks batting - Pitching for St. Louis Cardinals : RHP Lucas Giolito
Pitching: LHP Logan Allen
Batting: SHB Francisco Mejia 0-0: Called Strike
0-1: Fly out, F9 (Line Drive, 9, EV 92.5 MPH)
Batting: RHB Austin Hays 0-0: Called Strike
0-1: Swinging Strike
0-2: Fly out, F9 (Flyball, 89S, EV 98.1 MPH)
Batting: RHB Thomas Hatch 0-0: Ground out 3-1 (Groundball, 34, EV 86.3 MPH)
Bottom of the 5th over - 0 runs, 0 hits, 0 errors, 0 left on base; St. Louis 0 - Arizona 0
TOP OF THE 6TH
St. Louis Cardinals batting - Pitching for Arizona Diamondbacks : RHP Thomas Hatch
Batting: SHB Ozzie Albies 0-0: SOLO HOME RUN (Flyball, 9D, EV 106.3 MPH), Distance : 372 ft
Batting: LHB Austin Meadows 0-0: Called Strike
0-1: Ball
1-1: Swinging Strike
1-2: Foul Ball, location: 2F
1-2: Ball
2-2: Ball
3-2: Base on Balls
Batting: LHB Juan Soto 0-0: Ball
1-0: Swinging Strike
1-1: Swinging Strike
1-2: DOUBLE (Line Drive, 7LS, EV 100.0 MPH)
Austin Meadows to third
Pitching: RHP Freddy Peralta
Batting: RHB Alex Bregman 0-0: Ball
1-0: SINGLE (Groundball, 6D, EV 104.4 MPH)
Austin Meadows scores
Juan Soto to third
Batting: LHB Matt Olson 0-0: Called Strike
0-1: Foul Ball, location: 2F
0-2: Ball
1-2: Ball
2-2: Ball
3-2: Base on Balls
Alex Bregman to second
Batting: RHB Harrison Bader 0-0: Fly out, F8 (Flyball, 8RM, EV 95.6 MPH)
Runner from 3rd tags up, SCORES, throw by CF
Batting: RHB Luis Urias 0-0: Ball
1-0: Ball
2-0: Ball
3-0: Called Strike
3-1: Foul Ball, location: 2F
3-2: Fly out, F9 (Flyball, 9D, EV 96.9 MPH)
Runner from 2nd tags up, SAFE at 3rd, no throw by RF
Batting: RHB Yan Gomes 0-0: Ball
1-0: Ground out U3 (Groundball, 3S, EV 89.4 MPH)
Top of the 6th over - 3 runs, 3 hits, 0 errors, 2 left on base; St. Louis 3 - Arizona 0
BOTTOM OF THE 6TH
Arizona Diamondbacks batting - Pitching for St. Louis Cardinals : LHP Logan Allen
Batting: LHB Raimel Tapia 0-0: Called Strike
0-1: Foul Ball, location: 2F
0-2: Ball
1-2: Ball
2-2: DOUBLE (Line Drive, 78D, EV 101.3 MPH)
Batting: LHB Alex Verdugo 0-0: Ball
1-0: Ball
2-0: Called Strike
2-1: Fly out, F7 (Line Drive, 7, EV 100.6 MPH)
Batting: RHB Gleyber Torres 0-0: Called Strike
0-1: Fly out, F8 (Flyball, 78D, EV 100.0 MPH)
Batting: RHB Fernando Tatis Jr. 0-0: Ball
1-0: Ball
2-0: Called Strike
2-1: Ground out 6-3 (Groundball, 6, EV 108.8 MPH)
Bottom of the 6th over - 0 runs, 1 hit, 0 errors, 1 left on base; St. Louis 3 - Arizona 0
TOP OF THE 7TH
St. Louis Cardinals batting - Pitching for Arizona Diamondbacks : RHP Freddy Peralta
Pinch Hitting: RHB Brendan Rodgers 0-0: Called Strike
0-1: Ball
1-1: Ball
2-1: Swinging Strike
2-2: Strikes out swinging
Pinch Hitting: RHB Cole Freeman 0-0: Swinging Strike
0-1: Foul Ball, location: 2F
0-2: Foul Ball, location: 2F
0-2: Ball
1-2: Strikes out swinging
Pinch Hitting: LHB Brett Phillips 0-0: Called Strike
0-1: Called Strike
0-2: Strikes out looking
Top of the 7th over - 0 runs, 0 hits, 0 errors, 0 left on base; St. Louis 3 - Arizona 0
BOTTOM OF THE 7TH
Arizona Diamondbacks batting - Pitching for St. Louis Cardinals : LHP Logan Allen
Pitching: RHP Jorge Guzman
Now at 2B: Cole Freeman
Now in RF: Brett Phillips
Batting: RHB Anthony Rendon 0-0: DOUBLE (Line Drive, 7LD, EV 110.6 MPH)
Batting: RHB Christian Walker 0-0: Ball
1-0: Swinging Strike
1-1: Foul Ball, location: 2F
1-2: Ball
2-2: Strikes out swinging
Batting: SHB Francisco Mejia 0-0: Ball
1-0: Ball
2-0: Ball
3-0: Base on Balls
Batting: RHB Austin Hays 0-0: Ball
1-0: Ball
2-0: Called Strike
2-1: Called Strike
2-2: Ball
Passed Ball!
Anthony Rendon to third
Francisco Mejia to second
3-2: Ground out 3-1 (Groundball, 34S, EV 90.6 MPH)
Anthony Rendon scores
Francisco Mejia to third
Pinch Hitting: LHB Ryan McMahon 0-0: Ball
1-0: Ball
2-0: Swinging Strike
2-1: Ball
3-1: Fly out, F9 (Line Drive, 9D, EV 92.5 MPH)
Bottom of the 7th over - 1 run, 1 hit, 0 errors, 1 left on base; St. Louis 3 - Arizona 1
TOP OF THE 8TH
St. Louis Cardinals batting - Pitching for Arizona Diamondbacks : RHP Freddy Peralta
Pitching: LHP Max Fried
Pinch Hitting: RHB Taylor Ward 0-0: Ball
1-0: Foul Ball, location: 2F
1-1: Ball
2-1: Foul Ball, location: 2F
2-2: Fly out, F9 (Flyball, 89D, EV 98.1 MPH)
Pinch Hitting: RHB Yu Chang 0-0: Ball
1-0: Foul Ball, location: 2F
1-1: Ground out U3 (Groundball, 34, EV 77.5 MPH)
Pinch Hitting: RHB Hernan Perez 0-0: Ball
1-0: DOUBLE (Line Drive, 7LM, EV 101.9 MPH)
Pinch Hitting: RHB Jordyn Adams 0-0: Ball
1-0: Ball
2-0: Foul Ball, location: 2F
2-1: Ball
3-1: Swinging Strike
3-2: Foul Ball, location: 2F
3-2: Strikes out swinging
Top of the 8th over - 0 runs, 1 hit, 0 errors, 1 left on base; St. Louis 3 - Arizona 1
BOTTOM OF THE 8TH
Arizona Diamondbacks batting - Pitching for St. Louis Cardinals : RHP Jorge Guzman
Pitching: LHP Brad Wieck
Now at 1B: Jose Alberto Martinez
Now at SS: Jeison Guzman
Now in LF: Jason Martin
Now in CF: Jordyn Adams
Pinch Hitting: LHB Jake Cave 0-0: Foul Ball, location: 2F
0-1: Ball
1-1: Ball
2-1: Called Strike
2-2: Foul Ball, location: 2F
2-2: Strikes out swinging
Pinch Hitting: LHB Josh Reddick 0-0: Called Strike
0-1: Ball
1-1: Fly out, F7 (Line Drive, 7, EV 92.5 MPH)
Pinch Hitting: LHB Tyler Wade 0-0: SINGLE (Flyball, 8RS, EV 82.5 MPH)
Pinch Hitting: RHB Zack Short 0-0: Ball
1-0: SINGLE (Line Drive, 7LS, EV 100.6 MPH)
Tyler Wade to second
Pinch Hitting: SHB Anderson Tejeda 0-0: Ball
1-0: Called Strike
1-1: Foul Ball, location: 2F
1-2: Strikes out looking
Bottom of the 8th over - 0 runs, 2 hits, 0 errors, 2 left on base; St. Louis 3 - Arizona 1
TOP OF THE 9TH
St. Louis Cardinals batting - Pitching for Arizona Diamondbacks : LHP Max Fried
Now at 2B: Tyler Wade
Now at 3B: Anderson Tejeda
Now at SS: Zack Short
Now in LF: Josh Reddick
Now in RF: Jake Cave
Batting: RHB Luis Urias 0-0: Ball
1-0: Foul Ball, location: 2F
1-1: Swinging Strike
1-2: Ground out 4-3 (Groundball, 34, EV 105.0 MPH)
Pinch Hitting: RHB Connor Wong 0-0: Called Strike
0-1: Foul Ball, location: 2F
0-2: Ball
1-2: Foul Ball, location: 2F
1-2: Ball
2-2: Foul Ball, location: 2F
2-2: Ball
3-2: Strikes out swinging
Batting: RHB Jose Alberto Martinez 0-0: Ball
1-0: Foul Ball, location: 2F
1-1: Called Strike
1-2: Foul Ball, location: 2F
1-2: Fly out, F3 (Popup, 3F, EV 61.3 MPH)
Top of the 9th over - 0 runs, 0 hits, 0 errors, 0 left on base; St. Louis 3 - Arizona 1
BOTTOM OF THE 9TH
Arizona Diamondbacks batting - Pitching for St. Louis Cardinals : LHP Brad Wieck
Pitching: RHP Jesse Scholtens
Now at C: Yasmani Grandal
Pinch Hitting: LHB Pavin Smith 0-0: Ball
1-0: Ball
2-0: Foul Ball, location: 2F
2-1: Foul Ball, location: 2F
2-2: Foul Ball, location: 2F
2-2: Foul Ball, location: 2F
2-2: SINGLE (Line Drive, 34, EV 94.4 MPH)
Pinch Hitting: RHB Brian Serven 0-0: Ball
1-0: Reached on error, E5 (Groundball, 56S, EV 78.1 MPH)
Pavin Smith to second
Pinch Hitting: RHB Monte Harrison 0-0: Sac Bunt to 15 - play at third, runner OUT! 1-6
Brian Serven to second
Pinch Hitting: LHB DJ Stewart 0-0: Called Strike
0-1: Called Strike
0-2: DOUBLE (Line Drive, 9LM, EV 106.9 MPH)
Brian Serven scores
Monte Harrison to third
Runner from 3rd tries for Home, SAFE, no throw by RF
Batting: LHB Jake Cave 0-0: Called Strike
0-1: Called Strike
0-2: Ball
1-2: Ball
2-2: Foul Ball, location: 2F
2-2: Strikes out swinging
Batting: LHB Josh Reddick 0-0: Intentional Walk
Batting: LHB Tyler Wade 0-0: Called Strike
0-1: Swinging Strike
0-2: Ball
1-2: Foul Ball, location: 2F
1-2: Ball
2-2: Foul Ball, location: 2F
2-2: SINGLE (Groundball, 34D, EV 98.1 MPH)
DJ Stewart to third
Josh Reddick to second
Runner from 3rd tries for Home, SAFE, throw by RF to home
Bottom of the 9th over - 3 runs, 3 hits, 1 error, 0 left on base; St. Louis 3 - Arizona 4
Tuesday, May 5th, 2020 - OOTP Baseball 21.3 Build 48